 Dungeon Crawl Stone Soup version 0.28-a0-983-g1de4e0787c (webtiles) character file.

Game seed: 6826627201483870389

6067 bande the Cleaver (level 10, -5/63 HPs)
             Began as a Gargoyle Fighter on Dec 2, 2021.
             Was a Believer of Okawaru.
             Slain by a komodo dragon (11 damage)
             ... on level 1 of the Lair of Beasts on Dec 3, 2021.
             The game lasted 00:19:13 (8769 turns).

bande the Cleaver (Gargoyle Fighter)                Turns: 8769, Time: 00:19:13

Health: -5/63      AC: 26    Str: 21    XL:     10   Next: 87%
Magic:  9/11       EV:  9    Int: 10    God:    Okawaru [**....]
Gold:   435        SH:  7    Dex: 14    Spells: 9/9 levels left

rFire   + . .      SeeInvis .   w - +5 broad axe of the Endless Wishes {holy, Dex+3}
rCold   . . .      Faith    .   c - +0 buckler
rNeg    + . .      Spirit   .   i - +0 plate armour
rPois   ∞          Reflect  .   (helmet restricted)
rElec   +          Harm     .   (no cloak)
rCorr   .          Rampage  .   m - +0 pair of gloves
Will    .....                   r - +0 pair of boots
Stlth   ..........              o - amulet of regeneration
HPRegen 1.00/turn               u - ring of protection from fire
MPRegen 0.12/turn               (no ring)

@: heroic, studying Axes
A: sickness immunity, AC +7, negative energy resistance 1, electricity
resistance, torment resistance 1, petrification resistance, antennae 1, low mp
1, wild magic 1
a: Renounce Religion, Heroism


You were on level 1 of the Lair of Beasts.
You worshipped Okawaru.
Okawaru was pleased with you.
You visited 3 branches of the dungeon, and saw 10 of its levels.

You collected 435 gold pieces.

Inventory:

Hand Weapons
 a - a +0 war axe of chaos
 t - a +0 flail
 w - the +5 broad axe of the Endless Wishes (weapon) {holy, Dex+3}
   (You acquired it on level 7 of the Dungeon)

   It has been blessed by the Shining One to cause great damage to the undead
   and demons.
   Dex:       It affects your dexterity (+3).
 B - a +4 war axe
Armour
 c - a +0 buckler (worn)
 h - a +0 helmet
 i - a +0 plate armour (worn)
 m - a +0 pair of gloves (worn)
 r - a +0 pair of boots (worn)
Jewellery
 l - an amulet of magic regeneration
 o - an amulet of regeneration (around neck)
 u - a ring of protection from fire (left hand)
 y - an amulet of the acrobat
 z - a ring of magical power
Wands
 n - a wand of flame (13)
 v - a wand of acid (14)
Scrolls
 e - a scroll of silence
 f - 3 scrolls of teleportation
 g - 5 scrolls of magic mapping
 j - 2 scrolls of fear
 q - 4 scrolls of identify
 C - a scroll of enchant weapon {unknown}
Potions
 b - 7 potions of curing
 d - 2 potions of might
 k - a potion of flight
 p - a potion of resistance
 s - a potion of cancellation {unknown}
 x - a potion of magic
 A - a potion of haste


   Skills:
 + Level 7.5(12.5) Fighting
 + Level 9.6(14.6) Axes
 + Level 7.5(12.5) Armour
 - Level 0.2(5.2) Dodging
 + Level 5.9(10.9) Shields
 * Level 3.9 Invocations
 * Level 6.0 Evocations


You had 9 spell levels left.
You didn't know any spells.
Your spell library contained the following spells:

 Spells                   Type           Power      Damage    Failure   Level
 Slow                     Hex            0%         N/A       99%         1
 Ensorcelled Hibernation  Hex/Ice        0%         N/A       100%        2
 Confusing Touch          Hex            0%         N/A       100%        3
 Conjure Flame            Conj/Fire      0%         6-21      100%        3
 Gell's Gravitas          Tloc           0%         N/A       100%        3
 Ignite Poison            Fire/Tmut/Pois 0%         N/A       100%        3
 Lesser Beckoning         Tloc           0%         N/A       100%        3
 Stone Arrow              Conj/Erth      0%         3d7       100%        3
 Teleport Other           Tloc           0%         N/A       100%        3
 Vampiric Draining        Necr           0%         2d6       100%        3
 Cause Fear               Hex            0%         N/A       100%        4
 Sticky Flame             Conj/Fire      0%         2d3       100%        4
 Dragon Form              Tmut           0%         N/A       100%        7
 Lehudib's Crystal Spear  Conj/Erth      0%         10d2      100%        8
 Tukima's Dance           Hex            Unusable   N/A       N/A         3
 Animate Armour           Summ/Erth      Unusable   N/A       N/A         4
 Dragon's Call            Summ           Unusable   N/A       N/A         9

Dungeon Overview and Level Annotations

Branches:
Dungeon (8/15)             Temple (1/1) D:4            Lair (1/6) D:8

Altars:
Ashenzari
Cheibriados
Dithmenos
Elyvilon
Fedhas
Gozag
Hepliaklqana
Kikubaaqudgha
Makhleb
Nemelex Xobeh
Okawaru
Qazlal
Ru
Trog
Uskayaw
Vehumet
Wu Jian
Xom
Yredelemnul
Zin
The Shining One

Shops:
D:6 [   D:7 [


Innate Abilities, Weirdness & Mutations

You are immune to sickness and miasma.
Your stone body is resilient. (AC +7)
You are immune to poison.
You resist negative energy. (rN+)
You are resistant to electric shocks. (rElec)
You are resistant to unholy torment.
You are immune to petrification.
You have a pair of small antennae on your head.
Your magical capacity is low. (-10% MP)
Your spells are a little harder to cast, but a little more powerful.


Message History

* * * LOW HITPOINT WARNING * * *
The cane toad stings you but does no damage.
There is a staircase back to the Dungeon here.
You can't go down here!
Unknown command.
You feel better.
The cane toad stings you but does no damage.
The komodo dragon bites you but does no damage.
You gain the combat prowess of a mighty hero.
The cane toad stings you but does no damage.
The komodo dragon bites you.
Unknown command.
You slice the cane toad!!
The cane toad is severely wounded.
You hit the komodo dragon but do no damage.
You block the cane toad's attack.
The komodo dragon bites you but does no damage.
You slash the cane toad!
You kill the cane toad!
Okawaru is honoured by your kill.
You slash the komodo dragon! The komodo dragon barely misses you.
Your Evocations skill increases to level 6!
Unknown command.
You barely miss the komodo dragon.
The komodo dragon is heavily wounded.
The komodo dragon bites you but does no damage.
Your plate armour prevents you from hitting the komodo dragon.
The komodo dragon is heavily wounded.
Your plate armour prevents you from hitting the komodo dragon.
The komodo dragon is heavily wounded.
The komodo dragon bites you!
* * * LOW HITPOINT WARNING * * *
You hit the komodo dragon but do no damage.
The komodo dragon is heavily wounded.
The komodo dragon bites you!
* * * LOW HITPOINT WARNING * * *
You closely miss the komodo dragon.
The komodo dragon is heavily wounded.
The komodo dragon bites you!
You die...

#....# ##
♣....##.##
♣#.........
..........
#.........
♣♣.........
♣........$.
##..l......
#.@.......
#.........
#..........
##.....P###
#....###
#....#
#....#
#....#


You could see a komodo dragon.

Vanquished Creatures
  The ghost of gregwegmann the Nimble, a novice MiBe of Trog (D:7)
  A cane toad (Lair:1)
  An unseen horror (D:8)
  2 trolls (D:8)
  Grinder (D:4)
  Sigmund (D:4)
  A shadow (D:6)
  A wyvern (D:6)
  A steam dragon (D:8)
  2 water moccasins
  An orc warrior (D:7)
  2 sky beasts
  2 hornet zombies
  4 ogres
  An ice beast (D:7)
  3 necrophages
  2 wolves (D:8)
  A phantom (D:7)
  2 kobold brigands
  A bullfrog (D:7)
  3 wyvern zombies
  2 scorpions
  2 water moccasin zombies
  5 wights
  5 killer bees (D:7)
  A howler monkey (D:5)
  2 electric eels (D:8)
  3 bullfrog zombies (D:6)
  A centaur zombie (D:5)
  An iron imp (D:6)
  2 orc priests
  8 hounds
  A human zombie (D:6)
  A gnoll shaman (D:4)
  4 iguanas
  2 orc wizards
  A scorpion zombie (D:5)
  2 killer bee zombies (D:6)
  A hound zombie (D:5)
  A mummy (D:6)
  A howler monkey zombie (D:6)
  Robin (D:2)
  3 gnolls (D:4)
  3 adders
  A shadow imp (D:4)
  2 white imps
  An ufetubus (D:6)
  A dart slug (D:1)
  22 orcs
  3 ball pythons
  8 bats
  5 endoplasms
  2 giant cockroaches (D:1)
  13 goblins
  12 hobgoblins
  4 jackals (D:2)
  14 kobolds
  3 quokkas
  2 frilled lizards (D:1)
  4 rats
184 creatures vanquished.

Vanquished Creatures (others)
  A killer bee (D:8)
  2 jellies (D:6)
  A plant (D:1)
4 creatures vanquished.

Grand Total: 188 creatures vanquished

Notes
Turn   | Place    | Note
-------+----------+-------------------------------------------
     0 | D:1      | bande the Gargoyle Fighter began the quest for the Orb.
     0 | D:1      | Reached XP level 1. HP: 14/14 MP: 1/1
   422 | D:1      | Reached XP level 2. HP: 19/19 MP: 2/2
   479 | D:1      | You fall into a shaft and drop 1 floor!
   479 | D:2      | Noticed Robin
   483 | D:2      | Reached skill level 2 in Axes
   483 | D:2      | Killed Robin
   484 | D:2      | Reached XP level 3. HP: 23/23 MP: 3/3
   624 | D:1      | Found a faded altar of an unknown god.
  1507 | D:2      | Reached XP level 4. HP: 20/29 MP: 4/4
  1809 | D:2      | Reached skill level 3 in Axes
  2413 | D:3      | Found an ancient bone altar of Kikubaaqudgha.
  2517 | D:3      | Reached XP level 5. HP: 18/33 MP: 5/5
  3361 | D:4      | Found a staircase to the Ecumenical Temple.
  3362 | D:4      | Noticed Sigmund
  3388 | D:4      | Killed Sigmund
  3389 | D:4      | Reached skill level 4 in Axes
  3389 | D:4      | Reached skill level 1 in Evocations
  3389 | D:4      | Reached XP level 6. HP: 4/38 MP: 6/6
  3392 | D:4      | Noticed Grinder
  3394 | Temple   | Entered the Ecumenical Temple
  3683 | D:4      | Paralysed by Grinder for 4 turns
  3693 | D:4      | Paralysed by Grinder for 3 turns
  3709 | D:4      | Paralysed by Grinder for 4 turns
  3716 | D:4      | Killed Grinder
  3717 | D:4      | Reached XP level 7. HP: 31/44 MP: 7/7
  4564 | D:4      | Reached skill level 5 in Axes
  4564 | D:4      | Reached skill level 5 in Armour
  4822 | D:5      | Entered Level 5 of the Dungeon
  4989 | D:5      | Reached XP level 8. HP: 43/48 MP: 8/8
  5173 | D:5      | Reached skill level 5 in Fighting
  5615 | D:6      | Reached skill level 6 in Axes
  5739 | D:6      | Found a sparkling altar of Nemelex Xobeh.
  5797 | D:6      | Noticed a shadow
  5807 | D:6      | Killed a shadow
  5808 | D:6      | Reached XP level 9. HP: 29/55 MP: 9/9
  6252 | D:6      | Found a basalt altar of Yredelemnul.
  6266 | D:6      | Reached skill level 7 in Axes
  6343 | D:6      | Reached skill level 5 in Shields
  6625 | D:6      | Found Ponoonn's Armour Emporium.
  6760 | D:6      | Found a snail-covered altar of Cheibriados.
  7000 | D:7      | Found a glowing silver altar of Zin.
  7243 | D:7      | Found a hazy altar of Hepliaklqana.
  7243 | D:7      | Found a white marble altar of Elyvilon.
  7243 | D:7      | Found a stormy altar of Qazlal.
  7258 | D:7      | Found an iron altar of Okawaru.
  7258 | D:7      | Found a hide-covered altar of Uskayaw.
  7269 | D:7      | Became a worshipper of Warmaster Okawaru
  7306 | D:7      | Found a runed translucent door.
  7306 | D:7      | Noticed gregwegmann's ghost (novice MiBe)
  7349 | D:7      | Gained mutation: Your magical capacity is low. (-10% MP)
                  | [potion of mutation]
  7349 | D:7      | Gained mutation: You have a pair of small antennae on your
                  | head. [potion of mutation]
  7349 | D:7      | Gained mutation: Your spells are a little harder to cast,
                  | but a little more powerful. [potion of mutation]
  7384 | D:7      | Reached skill level 8 in Axes
  7448 | D:7      | Reached skill level 1 in Invocations
  7460 | D:7      | Reached skill level 5 in Evocations
  7477 | D:7      | Reached XP level 10. HP: 51/61 MP: 8/10
  7498 | D:7      | Reached * piety under Okawaru
  7559 | D:7      | Identified a scroll of acquirement
  7559 | D:7      | Acquired the +5 broad axe of the Endless Wishes {holy,
                  | Dex+3}
  7592 | D:7      | Found a shadowy altar of Dithmenos.
  7679 | D:7      | Found Aliet's Armour Boutique.
  7796 | D:7      | Killed gregwegmann's ghost
  7909 | D:8      | Killed an unseen horror
  7918 | D:8      | Reached skill level 9 in Axes
  7979 | D:8      | Found a staircase to the Lair.
  7981 | D:8      | Reached ** piety under Okawaru
  8749 | Lair:1   | Entered Level 1 of the Lair of Beasts
  8752 | Lair:1   | Noticed a cane toad
  8764 | Lair:1   | Killed a cane toad
  8769 | Lair:1   | Slain by a komodo dragon

Illustrated notes

Levels and vault maps discovered:
D:1:      elethiomel_arrival_maze, layout_loops_corners,
          dreamdust_ecumenical_altar_grove
D:2:      layout_rooms, uniq_robin
D:3:      layout_basic, mainiacjoe_overflow_concentric_impassable,
          nicolae_figureground_pulse
D:4:      layout_basic, minmay_temple_entry_glass, uniq_sigmund, uniq_grinder
D:5:      layout_basic, amcnicky_mini_corridor_feature
D:6:      layout_loops_ring, slow_altar_1, nemelex_dance_club_becter,
          lemuel_mausoleum_altar_yredelemnul, serial_shops,
          kennysheep_little_box, lemuel_old_faithful
D:7:      layout_rooms, minmay_overflow_temple_hex, grunt_dithmenos_shadows,
          hellmonk_ghost_happy_afterlife, serial_shops,
          nicolae_shop_window_shopping
D:8:      layout_rooms, erik_lair_island, hangedman_minor_gate_pass
Temple:   dpeg_chambers_temple
Lair:1:   gammafunk_worm_tunnel, layout_cellular_growth,
          gammafunk_lair_bear_cave, grunt_megastairs_1

Skill      XL: |  1  2  3  4  5  6  7  8  9 10 |
---------------+-------------------------------+-----
Axes           | 2 3 4 5 6 8 9 |  9.6
Armour         | 4 5 6 7 |  7.5
Shields        | 4 5 |  5.9
Fighting       | 4 5 6 7 |  7.5
Evocations     | 1 2 3 5 6 |  6.0
Invocations    | 1 3 |  3.9
Dodging        | |  0.2

Action                   |  1- 3 |  4- 6 |  7- 9 | 10-12 || total
-------------------------+-------+-------+-------+-------++-------
Melee: War axe           |    97 |   138 |   397 |    21 ||   653
       Broad axe         |       |       |       |   112 ||   112
Invok: Heroism           |       |       |       |     1 ||     1
  Use: Scroll            |     1 |     5 |     7 |     1 ||    14
       Potion            |       |     1 |     2 |     1 ||     4
 Stab: Paralysed         |       |       |     2 |     3 ||     5
Armor: Scale mail        |    25 |       |       |       ||    25
       Plate armour      |    44 |   116 |   323 |   126 ||   609
Dodge: Dodged            |    41 |    44 |   141 |    41 ||   267
Block: Buckler           |    17 |    32 |    93 |    43 ||   185

Table legend: (Time is in decaauts)
 A = Elapsed time spent in this place.
 B = Non-inter-level travel time spent in this place.
 C = Inter-level travel time spent in this place.
 D = Time resting spent in this place.
 E = Time spent auto-exploring this place.
 F = Levels seen in this place.
 G = Mean time per level.
                   A        B        C        D        E       F      G
               +--------+--------+--------+--------+--------+-----+--------+
         Total |   8946 |   8908 |     38 |   1655 |   5113 |  10 |  894.6 |
       Dungeon |   8637 |   8599 |     38 |   1615 |   4899 |   8 | 1079.6 |
        Temple |    288 |    288 |      0 |     40 |    214 |   1 |  288.0 |
          Lair |     19 |     19 |      0 |      0 |      0 |   1 |   19.0 |
               +--------+--------+--------+--------+--------+-----+--------+

Top non-repeatable levels by time:
     D:1: 1440 daAuts
     D:4: 1403 daAuts
     D:6: 1349 daAuts
     D:3: 986 daAuts
     D:7: 942 daAuts
     D:8: 915 daAuts
     D:2: 800 daAuts
     D:5: 799 daAuts
  Temple: 288 daAuts
  Lair:1: 19 daAuts
